 Dungeon Crawl Stone Soup version 0.29-a0-542-g075992c915 (webtiles) character file.

Game seed: 17304218829080578559

4161 valliere the Arsonist (level 10, 0/72 HPs)
             Began as a Red Draconian Fire Elementalist on June 3, 2022.
             Was a Follower of Hepliaklqana.
             Slain by a two-headed ogre
             ... wielding a +0 giant club
              (7 damage)
             ... on level 8 of the Dungeon.
             The game lasted 00:34:54 (10198 turns).

valliere the Arsonist (DrFE)                       Turns: 10198, Time: 00:34:54

Health: 0/72       AC:  7    Str: 12    XL:     10   Next: 7%
Magic:  0/13       EV: 12    Int: 19    God:    Hepliaklqana [*.....]
Gold:   556        SH:  0    Dex: 11    Spells: 3/13 levels left

rFire   + + .      SeeInvis .   x - +2 whip (venom)
rCold   . . .      Faith    +   (no shield)
rNeg    . . .      Spirit   .   (body armour unavailable)
rPois   .          Reflect  .   (helmet restricted)
rElec   .          Harm     .   (no cloak)
rCorr   +          Rampage  .   (no gloves)
Will    .....                   (no boots)
Stlth   +++.......              q - amulet of faith
HPRegen 0.22/turn               o - ring of resist corrosion
MPRegen 0.13/turn               A - ring of protection from fire

@: no status effects
A: reduced essence, breathe fire, AC +7, unfitting armour, fire resistance 1,
cold-blooded
a: Breathe Fire, Renounce Religion, Recall Ancestor, Ancestor Identity


You were on level 8 of the Dungeon.
You worshipped Hepliaklqana.
Hepliaklqana was aware of your devotion.
You visited 2 branches of the dungeon, and saw 9 of its levels.

You collected 556 gold pieces.

Inventory:

Hand Weapons
 b - a +0 club
 c - a +0 dagger
 v - the +7 war axe of Cuil {antimagic, rN+ Will+ Dex+4}
   (You found it on level 4 of the Dungeon)

   It reduces the magical energy of the wielder, and disrupts the spells and
   magical abilities of those it strikes.
   Natural abilities and divine invocations are not affected.
   Dex:       It affects your dexterity (+4).
   rN:        It protects you from negative energy.
   Will:      It increases your willpower.
 x - a +2 whip of venom (weapon)
 F - a +5 scimitar
Missiles
 u - 5 silver javelins
Jewellery
 o - a ring of resist corrosion (left hand)
 q - an amulet of faith (around neck)
 t - an amulet of reflection
 A - a ring of protection from fire (right hand)
Wands
 B - a wand of acid (4)
 E - a wand of flame (23)
Scrolls
 e - a scroll of enchant weapon
 f - a scroll of magic mapping {unknown}
 m - a scroll of acquirement {unknown}
 n - a scroll of fog
 p - a scroll of silence {unknown}
 s - 2 scrolls of blinking {unknown}
 y - a scroll of enchant armour {unknown}
 z - 3 scrolls of identify
 C - a scroll of amnesia {unknown}
 D - a scroll of brand weapon {unknown}
 I - a scroll of torment {unknown}
 J - 4 scrolls of teleportation
Potions
 a - a potion of magic
 d - 2 potions of ambrosia {unknown}
 g - 2 potions of degeneration {unknown}
 h - a potion of might {unknown}
 i - a potion of mutation {unknown}
 j - 2 potions of haste {unknown}
 k - a potion of invisibility {unknown}
 l - a potion of heal wounds {unknown}
 r - 2 potions of cancellation
 w - a potion of curing {unknown}
 G - a potion of attraction {unknown}
 H - a potion of resistance


   Skills:
 + Level 4.5 Fighting
 - Level 1.7 Dodging
 + Level 4.7 Stealth
 - Level 2.0 Spellcasting
 + Level 7.6 Conjurations
 * Level 13.3 Fire Magic


You had 3 spell levels left.
You knew the following spells:

 Your Spells              Type           Power      Damage    Failure   Level
a - Foxfire               Conj/Fire      100%       2x1d9     1%          1
b - Scorch                Fire           100%       2d10      1%          2
c - Flame Wave            Conj/Fire      41%        2d9       2%          4
d - Inner Flame           Hex/Fire       27%        N/A       3%          3

Your spell library contained the following spells:

 Spells                   Type           Power      Damage    Failure   Level
 Conjure Flame            Conj/Fire      41%        6-21      1%          3
 Sublimation of Blood     Necr           1%         N/A       26%         2
 Wereblood                Tmut           1%         N/A       26%         2
 Call Canine Familiar     Summ           1%         N/A       45%         3
 Portal Projectile        Hex/Tloc       2%         N/A       45%         3
 Leda's Liquefaction      Hex/Erth       0%         N/A       86%         4
 Summon Hydra             Summ           0%         N/A       100%        7


Dungeon Overview and Level Annotations

Branches:
Dungeon (8/15)             Temple (1/1) D:6
   Lair: D:8-11

Altars:
Dithmenos
Fedhas
Gozag
Hepliaklqana
Kikubaaqudgha
Ru
Sif Muna
Trog
Wu Jian
Zin
The Shining One

Shops:
D:5 (   D:7 :   D:8 *


Innate Abilities, Weirdness & Mutations

Your life essence is reduced to manifest your ancestor. (-10% HP)
You can breathe blasts of fire.
Your fiery red scales are hard. (AC +7)
You cannot fit into any form of body armour.
Your flesh is heat resistant. (rF+)
You are cold-blooded and may be slowed by cold attacks.


Message History

Casting: Flame Wave (dangerous; 2% risk of failure)
Confirm with . or Enter, or press ? or * to list all spells.
Flames lash the two-headed ogre.
The two-headed ogre is moderately wounded.
The two-headed ogre's fire resistance burns away.
The two-headed ogre hits you with a +0 giant club!
The two-headed ogre closely misses you.
Casting: Scorch (safe; 1% risk of failure)
Confirm with . or Enter, or press ? or * to list all spells.
Casting: Flame Wave (dangerous; 2% risk of failure)
Press: ? - help, Dir - look around, f - activate A wave of flame ripples out!
The flame wave engulfs the two-headed ogre!!
The two-headed ogre is burned terribly!
The two-headed ogre is severely wounded. (Press . to intensify the flame waves.)
The two-headed ogre hits you but does no damage.
The two-headed ogre hits you with a +0 giant club!
A wave of flame ripples out!
The flame wave engulfs the two-headed ogre!
The two-headed ogre is burned terribly!
The two-headed ogre is almost dead.
Unknown command.
Without enough magic to sustain them, the waves of flame dissipate.
The two-headed ogre hits you with a +0 giant club! x2
The two-headed ogre attacks as you move away!
The two-headed ogre hits you with a +0 giant club!
* * * LOW HITPOINT WARNING * * *
The two-headed ogre hits you with a +0 giant club!
* * * LOW HITPOINT WARNING * * *
Casting: Flame Wave (dangerous; 2% risk of failure)
Confirm with . or Enter, or press ? or * to list all spells.
You don't have enough magic to cast this spell.
The two-headed ogre is no longer more vulnerable to fire.
Casting: Flame Wave (dangerous; 2% risk of failure)
Confirm with . or Enter, or press ? or * to list all spells.
You conjure some foxfire!
The two-headed ogre attacks as you move away!
The two-headed ogre hits you with a +0 giant club!
You die...

#.# #.##.# #..# #.# #.##.#
#.## #.# #.##.# #.# #.#
#.##.# #.# #.# #.##.# #.#
#.# #)##.# #.#####
##.########.##.# #....O.
#.#......##v##.#############
##.#####...@O......<......[.
### ####v#############.##
#.# #... #.######## ####
#...>..... # ########## # .
#


You could see a two-headed ogre (ally target).

Vanquished Creatures
  A two-headed ogre (D:8)
  2 water moccasins (D:7)
  3 orc warriors
  2 sky beasts
  An ice beast (D:6)
  A black bear (D:6)
  5 ogres
  A kobold brigand (D:4)
  3 bullfrogs
  3 necrophages
  4 scorpions (D:5)
  8 wights (D:7)
  3 killer bees (D:6)
  3 jellies
  A hound (D:4)
  11 orc priests
  3 iguanas
  4 orc wizards
  10 gnolls
  3 adders
  3 shadow imps
  A white imp (D:6)
  2 ufetubi (D:5)
  A worm (D:5)
  3 dart slugs
  31 orcs
  8 ball pythons
  7 endoplasms
  5 giant cockroaches
  12 goblins
  8 hobgoblins
  4 jackals (D:2)
  5 kobolds
  8 quokkas
  7 bats
  3 frilled lizards
  6 rats
186 creatures vanquished.

Vanquished Creatures (collateral kills)
  2 howler monkeys (D:8)
  2 orc priests (D:8)
  An orc wizard (D:8)
  An orc (D:8)
  6 foxfires (D:3)
12 creatures vanquished.

Vanquished Creatures (others)
  4 ancestors (D:8)
  344 foxfires
  42 plants (D:3)
390 creatures vanquished.

Grand Total: 588 creatures vanquished

Notes
Turn   | Place    | Note
-------+----------+-------------------------------------------
     0 | D:1      | valliere the Draconian Fire Elementalist began the quest
                  | for the Orb.
     0 | D:1      | Reached XP level 1. HP: 14/14 MP: 3/3
   120 | D:1      | Reached XP level 2. HP: 12/20 MP: 5/5
   895 | D:1      | Reached XP level 3. HP: 23/26 MP: 0/6
  1332 | D:2      | Reached skill level 4 in Fire Magic
  1529 | D:2      | Found an ornate altar of the Wu Jian Council.
  2219 | D:3      | Reached XP level 4. HP: 33/33 MP: 3/7
  2800 | D:3      | Found an ornate altar of the Wu Jian Council.
  3077 | D:3      | Learned a level 2 spell: Scorch
  3528 | D:4      | Reached skill level 5 in Fire Magic
  3528 | D:4      | Reached XP level 5. HP: 38/38 MP: 2/8
  3821 | D:4      | Identified the +7 war axe of Cuil {antimagic, rN+ Will+
                  | Dex+4}
  4061 | D:4      | Reached XP level 6. HP: 45/45 MP: 4/9
  4331 | D:5      | Entered Level 5 of the Dungeon
  4367 | D:5      | Found Ecuzunys's Antique Weapon Shop.
  4658 | D:5      | Reached skill level 6 in Fire Magic
  5024 | D:5      | Your scales start taking on a fiery red colour.
  5024 | D:5      | Reached skill level 8 in Fire Magic
  5024 | D:5      | Reached XP level 7. HP: 50/50 MP: 1/10
  5024 | D:5      | Gained mutation: Your flesh is heat resistant. (rF+) [Red
                  | Draconian growth]
  5203 | D:5      | Found a shadowy altar of Dithmenos.
  5354 | D:5      | Reached skill level 9 in Fire Magic
  5696 | D:5      | Reached skill level 5 in Conjurations
  6010 | D:6      | Reached skill level 10 in Fire Magic
  6010 | D:6      | Reached XP level 8. HP: 57/57 MP: 8/11
  6441 | D:6      | Reached skill level 11 in Fire Magic
  6690 | D:6      | Found a staircase to the Ecumenical Temple.
  6702 | Temple   | Entered the Ecumenical Temple
  6739 | Temple   | Became a worshipper of Hepliaklqana the Forgotten
  6789 | D:6      | Reached skill level 1 in Fighting
  7216 | D:7      | Reached XP level 9. HP: 48/67 MP: 1/12
  7657 | D:7      | Reached skill level 12 in Fire Magic
  8249 | D:7      | Learned a level 4 spell: Flame Wave
  8254 | D:7      | Learned a level 3 spell: Inner Flame
  8400 | D:7      | Reached * piety under Hepliaklqana
  8523 | D:7      | Found Lismyk's Book Emporium.
  9435 | D:8      | Found Soamucut's Neck Hole.
  9512 | D:8      | Noticed a two-headed ogre
  9579 | D:8      | Killed a two-headed ogre
  9580 | D:8      | Reached skill level 13 in Fire Magic
  9773 | D:8      | Reached XP level 10. HP: 72/72 MP: 8/13
  9969 | D:8      | Noticed a two-headed ogre
 10198 | D:8      | Slain by a two-headed ogre

Illustrated notes

Levels and vault maps discovered:
D:1:      saegor_arrival_simple_a, layout_loops_cross
D:2:      layout_basic, basic_altar, minmay_unequal
D:3:      wad_woods_stonehenge, layout_basic, kennysheep_generic_room_4
D:4:      layout_cave_pools, serial_forest, infiniplex_forest_lined_room_2,
          infiniplex_forest_lined_4_way, infiniplex_forest_end_double,
          infiniplex_forest_end_1, infiniplex_forest_diagonal,
          infiniplex_forest_fountain, infiniplex_forest_clump_diagonal,
          infiniplex_forest_end_2, minmay_misc_feat_roman
D:5:      layout_loops_ring, general_overflow_altar, nicolae_stop_n_shop_1
D:6:      layout_loops_ring, minmay_temple_entry_drinking_statues
D:7:      layout_basic, serial_shops, nicolae_shop_stone,
          kennysheep_generic_room_11
D:8:      layout_loops_ring, nicolae_shop_sticking_my_neck_out
Temple:   nicolae_temple_the_god_donut

Skill      XL: |  1  2  3  4  5  6  7  8  9 |
---------------+----------------------------+-----
Fire Magic     | 4 5 8 10 11 13 | 13.3
Conjurations   | 2 3 4 5 6 7 |  7.6
Stealth        | 2 4 |  4.7
Fighting       | 2 4 |  4.5
Dodging        | |  1.7
Spellcasting   | |  2.0

Action                   |  1- 3 |  4- 6 |  7- 9 | 10-12 || total
-------------------------+-------+-------+-------+-------++-------
Melee: Club              |    12 |       |       |       ||    12
       Tailslap          |     2 |    10 |     3 |       ||    15
       Unarmed           |     1 |       |       |       ||     1
       Dagger            |    29 |    39 |       |       ||    68
       Whip              |       |    10 |    31 |       ||    41
 Cast: Foxfire           |    65 |    70 |    75 |     5 ||   215
       Scorch            |       |    16 |    72 |    16 ||   104
       Inner Flame       |       |       |     1 |     1 ||     2
       Flame Wave        |       |       |       |     2 ||     2
Invok: Recall Ancestor   |       |       |     1 |       ||     1
       Ancestor Identity |       |       |     1 |       ||     1
 Abil: Breathe Fire      |       |       |    24 |     3 ||    27
  Use: Scroll            |       |     4 |     1 |       ||     5
 Stab: Sleeping          |     1 |       |       |       ||     1
Armor: Skin              |    17 |    20 |    15 |     5 ||    57
Dodge: Dodged            |    35 |    43 |    41 |     8 ||   127
Block: Other             |       |    11 |     8 |       ||    19

Table legend: (Time is in decaauts)
 A = Elapsed time spent in this place.
 B = Non-inter-level travel time spent in this place.
 C = Inter-level travel time spent in this place.
 D = Time resting spent in this place.
 E = Time spent auto-exploring this place.
 F = Levels seen in this place.
 G = Mean time per level.
                   A        B        C        D        E       F      G
               +--------+--------+--------+--------+--------+-----+--------+
         Total |  10206 |   9787 |    419 |      4 |   8377 |   9 | 1134.0 |
       Dungeon |  10156 |   9748 |    408 |      4 |   8350 |   8 | 1269.5 |
        Temple |     49 |     38 |     11 |      0 |     27 |   1 |   49.0 |
               +--------+--------+--------+--------+--------+-----+--------+

Top non-repeatable levels by time:
     D:7: 2316 daAuts
     D:3: 1423 daAuts
     D:5: 1254 daAuts
     D:6: 1236 daAuts
     D:4: 1161 daAuts
     D:1: 1086 daAuts
     D:2: 977 daAuts
     D:8: 699 daAuts
  Temple: 49 daAuts
